 Dungeon Crawl Stone Soup version 0.14-a0-2810-g474977d (webtiles) character file.

8581 Quh the Archer (level 11, -17/95 HPs)
             Began as a Minotaur Hunter on Feb 23, 2014.
             Was an Elder of Okawaru.
             Shot with a poisoned arrow of flame by Nessos (29 damage)
             ... on Level 11 of the Dungeon on Feb 25, 2014.
             The game lasted 01:48:58 (10847 turns).

Quh the Archer (Minotaur Hunter)                   Turns: 10847, Time: 01:49:00

HP -17/95        AC  7     Str 17      XL: 11   Next:  3%
MP  10/10        EV 23     Int  8      God: Okawaru [****..]
Gold 623         SH  0     Dex 14      Spells:  0 memorised, 13 levels left

rFire  . . .     SeeInvis .     e - +2 bow (evade)
rCold  . . .     Clarity  .     i - +1 ring mail {rN+}
rNeg   + . .     Conserve .     (no shield)
rPois  .         rCorr    .     (helmet restricted)
rElec  .         rRot     .     O - +0 cloak
SustAb . .       Spirit   .     (no gloves)
rMut   .         Warding  .     (no boots)
Saprov . . .     Stasis   .     (no amulet)
MR     .....                    A - ring of regeneration
                                w - +5 ring of evasion

@: extremely poisoned, not resistant to hostile enchantments, unstealthy
A: retaliatory headbutt, horns 2
a: Heroism, Renounce Religion


You were on level 11 of the Dungeon.
You worshipped Okawaru.
Okawaru was greatly pleased with you.
You were not hungry.

You visited 2 branches of the dungeon, and saw 12 of its levels.
You also visited: Sewer and Ossuary.

You collected 623 gold pieces.

Inventory:

Hand weapons
 e - a +2,+2 bow of evasion (weapon)
 j - a +3,+0 bow
 S - a +3,+0 spear of freezing
Missiles
 c - 34 arrows (quivered)
 d - 12 arrows of flame
 L - 15 arrows of frost
Armour
 i - a +1 ring mail of positive energy (worn)
 C - a +3 orcish ring mail of cold resistance
 O - a +0 cloak (worn)
Magical devices
 b - a wand of confusion (13) {unknown}
 k - a wand of random effects (9) {unknown}
 l - a wand of confusion (12) {unknown}
 m - a wand of fire (6) {unknown}
 r - a wand of lightning (9) {unknown}
 U - a wand of digging (5) {unknown}
Comestibles
 f - 3 bread rations
 p - 3 meat rations
 D - 2 apples
 H - 8 cheeses
 K - 17 strawberries
 R - 6 grapes
Scrolls
 g - 3 scrolls of teleportation
 h - 2 scrolls of blinking
 o - 2 scrolls of fear
 q - a scroll of amnesia
 t - a scroll of curse jewellery {unknown}
 u - 7 scrolls of remove curse
 v - 2 scrolls of immolation {unknown}
 B - 2 scrolls of enchant weapon I {unknown}
 G - 2 scrolls of curse weapon {unknown}
 J - 3 scrolls of recharging
 M - a scroll of random uselessness {unknown}
 P - a scroll of enchant armour
 Q - 5 scrolls of fog
 V - a scroll of enchant weapon II {unknown}
 X - a scroll of enchant weapon III {unknown}
Jewellery
 a - a +3 ring of protection
 w - a +5 ring of evasion (left hand)
 A - a ring of regeneration (right hand)
 T - a +6 ring of intelligence
 W - an uncursed ring of teleport control
 Z - an uncursed ring of protection from cold {unknown}
Potions
 n - 3 potions of lignification
 s - a potion of degeneration {unknown}
 x - 3 potions of speed
 z - a potion of heal wounds
 E - a potion of brilliance
 F - 2 potions of magic
 I - 5 potions of might
 Y - 4 potions of curing
Books
 y - a book of Death

   Spells                             Type                      Level
   Corpse Rot                         Necromancy                   2
   Sublimation of Blood               Necromancy                   2
   Agony                              Necromancy                   5
   Dispel Undead                      Necromancy                   5
   Excruciating Wounds                Charms/Necromancy            5
   Bolt of Draining                   Conjuration/Necromancy       5


   Skills:
 + Level 8.6 Fighting
 * Level 6.1 Polearms
 * Level 12.7 Bows
 - Level 3.4 Armour
 - Level 7.3 Dodging
 - Level 2.1 Stealth
 + Level 1.6 Spellcasting
 * Level 3.5 Invocations
 + Level 2.8 Evocations


You had 13 spell levels left.
You didn't know any spells.

Dungeon Overview and Level Annotations

Branches:
Dungeon (11/16)            Temple (1/1) D:6
    Orc: D:9-12        Lair: D:8-11

Altars:
Ashenzari
Dithmenos
Elyvilon
Fedhas
Kikubaaqudgha
Nemelex Xobeh
Okawaru
Sif Muna
Trog
Vehumet
Xom
Yredelemnul
Zin
The Shining One

Annotations:
D:11 Nessos


Innate Abilities, Weirdness & Mutations

You reflexively headbutt those who attack you in melee.
You have a pair of horns on your head.


Message History

Nessos shoots a poisoned arrow of flame.
The poisoned arrow of flame hits you!
You are more poisoned.
Nessos shoots a poisoned arrow of flame.
The poisoned arrow of flame hits you!
You are more poisoned.
You feel very sick.
Nessos shoots a poisoned arrow of flame.
The poisoned arrow of flame hits you!
You are more poisoned.
* * * LOW HITPOINT WARNING * * *
Items here: %% ))) [
* * * LOW HITPOINT WARNING * * *
You feel very sick.
Nessos shoots a poisoned arrow of flame.
The poisoned arrow of flame misses you.
Nessos blinks!
Nessos shoots a poisoned arrow of flame.
The poisoned arrow of flame hits you!
You are more poisoned.
You die...

.........c§......♣.
##≈≈.........<.♣.♣
##≈≈≈≈≈.........P
#####≈.........♣
##..........
#.(..####P. ##.(..#
#####≈))..#
#≈≈≈≈≈.@..#
#≈≈#.......# #
#.......# #.......#
#.......# #.......#
#.......# #.......#
#.......#


You could see Nessos.

Vanquished Creatures
  An unseen horror (D:11)
  2 hill giants
  Joseph (D:10)
  Grinder (D:4)
  A two-headed ogre (D:8)
  Prince Ribbit (Sewer)
  A troll (D:9)
  Eustachio (D:4)
  A shark (D:10)
  A hippogriff (D:8)
  A porcupine (D:10)
  3 sky beasts
  Purgy (D:4)
  2 orc warriors
  A human (D:7)
  3 ogres
  2 ice beasts
  The ghost of Garrluk the Poker, an average MfSk (D:3)
  4 centaurs
  3 phantoms
  A water moccasin (D:7)
  8 giant frogs
  An eye of draining (D:11)
  6 wights
  2 hippogriff skeletons (D:8)
  A centaur skeleton (D:4)
  7 crimson imps
  4 water moccasin zombies (Ossuary)
  A quasit (D:4)
  9 electric eels
  7 orc priests
  A hound (D:7)
  3 jellies
  5 big fish
  7 orc wizards
  An iguana (D:6)
  A two-headed ogre skeleton (D:9)
  5 scorpions
  4 worker ants
  A big kobold zombie (Ossuary)
  4 sheep (D:7)
  Jessica (D:3)
  A hound zombie (D:6)
  3 mummies
  3 gnolls (D:3)
  A worker ant zombie (D:7)
  9 adders
  A giant mite (D:5)
  A worm (D:6)
  An ufetubus (D:4)
  8 adder zombies (Ossuary)
  6 giant geckos
  2 oozes
  18 orcs
  12 ball pythons
  18 bats
  6 giant cockroaches
  3 gnoll zombies (Ossuary)
  14 hobgoblins
  11 kobolds
  8 quokkas
  2 removed
  MONS_GREY_RATs (D:4)
  6 giant newts
  8 goblins
  5 hobgoblin zombies (Ossuary)
  11 jackals
  6 kobold zombies (Ossuary)
  2 orc skeletons
  6 orc zombies
  A quokka skeleton (D:6)
  14 rats
  A rat zombie (D:7)
300 creatures vanquished.

Vanquished Creatures (others)
  A giant spore (D:8)
1 creature vanquished.

Grand Total: 301 creatures vanquished

Notes
Turn   | Place    | Note
--------------------------------------------------------------
     0 | D:1      | Quh, the Minotaur Hunter, began the quest for the Orb.
     0 | D:1      | Reached XP level 1. HP: 16/16 MP: 1/1
   186 | D:1      | Reached XP level 2. HP: 23/23 MP: 1/1
   192 | D:1      | Reached skill level 5 in Bows
  1062 | D:2      | Found an iron altar of Okawaru.
  1065 | D:2      | Reached XP level 3. HP: 28/28 MP: 2/2
  1555 | D:3      | Noticed Garrluk's ghost (average MfSk)
  1585 | D:3      | Killed Garrluk's ghost
  1585 | D:3      | Reached skill level 6 in Bows
  1585 | D:3      | Reached skill level 1 in Armour
  1585 | D:3      | Reached skill level 1 in Stealth
  1585 | D:3      | Reached XP level 4. HP: 27/35 MP: 2/2
  1796 | D:3      | Reached XP level 5. HP: 40/40 MP: 2/2
  1976 | D:3      | Noticed Jessica
  1991 | D:3      | Killed Jessica
  2257 | D:4      | Noticed Eustachio
  2284 | D:4      | Killed Eustachio
  2284 | D:4      | Reached skill level 7 in Bows
  2284 | D:4      | Reached XP level 6. HP: 39/48 MP: 3/3
  2480 | D:4      | Noticed a centaur
  2485 | D:4      | Noticed Purgy
  2495 | D:4      | Killed a centaur
  2507 | D:4      | Killed Purgy
  2507 | D:4      | Reached XP level 7. HP: 20/57 MP: 3/3
  2697 | D:4      | Noticed Grinder
  2719 | D:4      | Killed Grinder
  2719 | D:4      | Reached skill level 8 in Bows
  2830 | D:4      | Found a white marble altar of Elyvilon.
  2841 | D:4      | Upgraded the game from 0.14-a0-2759-g5bb4bfe to 0.14-a0-2789-gc18c9f8
  2922 | D:4      | Noticed a phantom
  3005 | D:4      | Killed a phantom
  3455 | D:4      | Found a glowing drain.
  3459 | Sewer    | Entered a sewer
  3477 | Sewer    | Reached skill level 5 in Dodging
  3528 | Sewer    | Reached XP level 8. HP: 56/67 MP: 3/3
  3537 | Sewer    | Reached skill level 9 in Bows
  3605 | Sewer    | Noticed Prince Ribbit
  3613 | Sewer    | Killed Prince Ribbit
  3613 | Sewer    | Reached skill level 5 in Fighting
  3776 | D:5      | Entered Level 5 of the Dungeon
  4803 | D:6      | Reached skill level 10 in Bows
  4854 | D:6      | Found an ancient bone altar of Kikubaaqudgha.
  4921 | D:6      | Found a sand-covered staircase.
  4927 | Ossuary  | Entered an ossuary
  5323 | D:6      | Reached XP level 9. HP: 75/75 MP: 4/4
  5533 | D:6      | Reached skill level 11 in Bows
  5594 | D:6      | Found a staircase to the Ecumenical Temple.
  5604 | Temple   | Entered the Ecumenical Temple
  5643 | Temple   | Became a worshipper of Warmaster Okawaru
  5664 | D:6      | Found a radiant altar of Vehumet.
  6343 | D:7      | Reached skill level 1 in Polearms
  7005 | D:7      | Acquired Okawaru's first power
  8016 | D:8      | Reached skill level 12 in Bows
  8016 | D:8      | Reached XP level 10. HP: 72/88 MP: 4/4
  8482 | D:8      | Found a deep blue altar of Sif Muna.
  8717 | D:9      | Upgraded the game from 0.14-a0-2789-gc18c9f8 to 0.14-a0-2810-g474977d
  9261 | D:10     | Entered Level 10 of the Dungeon
  9342 | D:10     | Reached skill level 1 in Evocations
  9833 | D:10     | Reached skill level 1 in Invocations
  9906 | D:10     | Noticed Joseph
  9921 | D:10     | Killed Joseph
 10185 | D:10     | Reached skill level 5 in Polearms
 10373 | D:11     | Noticed a hill giant
 10395 | D:10     | Killed a hill giant
 10399 | D:10     | Reached skill level 1 in Spellcasting
 10493 | D:11     | Killed an unseen horror
 10493 | D:11     | Received a gift from Okawaru
 10522 | D:11     | Noticed a hill giant
 10544 | D:11     | Killed a hill giant
 10687 | D:11     | Reached XP level 11. HP: 95/95 MP: 10/10
 10841 | D:11     | Noticed Nessos
 10847 | D:11     | Shot with a poisoned arrow of flame by Nessos

Action                   |  1- 3 |  4- 6 |  7- 9 | 10-12 || total
-------------------------+-------+-------+-------+-------++-------
Melee: Bow               |     1 |       |     1 |     1 ||     3
       Spear             |       |       |       |   110 ||   110
 Fire: Bow               |   103 |    92 |   484 |   200 ||   879
  Use: Scroll            |     1 |     8 |    11 |     7 ||    27
       Potion            |       |       |     5 |     2 ||     7
